 Dungeon Crawl Stone Soup version 0.30.0-5-g1a98f26d00 (webtiles) character file.

Game seed: 6347520108995812372

192 SnakkuSnakku7 the Insei (level 5, -4/37 HPs)
             Began as a Vampire Hedge Wizard on May 12, 2023.
             Killed from afar by Ijyb (12 damage)
             ... with a bolt of dispelling energy
             ... on level 4 of the Dungeon.
             The game lasted 00:04:27 (3054 turns).

SnakkuSnakku7 the Insei (Vampire Hedge Wizard)      Turns: 3054, Time: 00:04:28

Health: -4/37      AC:  6    Str: 10    XL:     5   Next: 42%
Magic:  9/9        EV: 10    Int: 20    God:
Gold:   186        SH:  0    Dex: 13    Spells: 9/10 levels left

rFire   . .          .
                       - Unarmed
rCold   . . .        (no shield)
rNeg    . . .        l - +0 ring mail
rPois   .            c - +0 hat
rElec   .            (no cloak)
rCorr   .            (no gloves)
SInv    +            h - +0 pair of boots
Will    .....        w - amulet of regeneration
Stlth   ++           (no ring)
HPRegen 1.26/turn    (no ring)
MPRegen 0.11/turn

%: no passive effects
@: healing quickly
A: alive, fangs 3, see invisible, vampiric 2, hooves 1, horns 1, clever 1, wild
magic 1
a: Exsanguinate


You were on level 4 of the Dungeon.
You visited 1 branch of the dungeon, and saw 4 of its levels.

You collected 186 gold pieces.

Inventory:

Hand Weapons
 a - a +0 dagger
Missiles
 e - 6 boomerangs (quivered)
 v - a throwing net
Armour
 b - a +0 robe
 c - a +0 hat (worn)
 h - a +0 pair of boots (worn)
 l - a +0 ring mail (worn)
Jewellery
 f - an amulet of reflection
 q - a ring of poison resistance
 w - an amulet of regeneration (around neck)
Scrolls
 j - a scroll of acquirement
 m - a scroll of enchant weapon
 r - 2 scrolls of enchant armour {unknown}
 s - a scroll of fear {unknown}
 t - 2 scrolls of magic mapping {unknown}
 x - a scroll of teleportation
 y - a scroll of summoning {unknown}
Potions
 d - a potion of magic
 i - 2 potions of mutation
 k - 2 potions of flight
 n - 2 potions of cancellation
 o - a potion of attraction
 u - a potion of ambrosia


   Skills:
 - Level 1.1 Fighting
 + Level 2.6 Throwing
 - Level 2.1 Dodging
 - Level 3.0 Stealth
 + Level 3.9 Unarmed Combat
 - Level 3.0 Spellcasting
 - Level 0.6 Conjurations
 - Level 1.0 Summonings
 - Level 0.7 Translocations


You had 9 spell levels left.
You knew the following spells:

 Your Spells              Type           Power      Damage    Failure   Level
a - Magic Dart            Conj           28%        1d4       36%         1

Your spell library contained the following spells:

 Spells                   Type           Power      Damage    Failure   Level
 Kiss of Death            Conj/Necr      20%        2d7       41%         1
 Slow                     Hex            12%        N/A       45%         1
 Call Imp                 Summ           18%        N/A       45%         2
 Blink                    Tloc           14%        N/A       47%         2
 Cigotuvi's Dreadful Rot  Necr/Pois/Air  6%         N/A       58%         2
 Mephitic Cloud           Conj/Pois/Air  4%         N/A       78%         3
 Confusing Touch          Hex            3%         N/A       80%         3
 Dispel Undead            Necr           3%         3d7       99%         4


Dungeon Overview and Level Annotations

Branches:
Dungeon (4/15)
 Temple: D:4-7

Altars:

Annotations:
D:2 1 runed translucent door, Crazy Yiuf
D:4 Ijyb


Innate Abilities, Weirdness & Mutations

Your natural rate of healing is accelerated.
You have razor-sharp teeth.
You have supernaturally acute eyesight. (SInv)
You are afflicted with vampirism and can become a bat while bloodless.
You have large cloven feet.
You have a pair of small horns on your head.
Your mind is acute. (Int +4, Str/Dex -1)
Your spells are a little harder to cast, but a little more powerful.


Message History

You completely miss Ijyb. Your headbutt misses Ijyb. Your punch misses Ijyb.
Ijyb is lightly wounded.
Ijyb hits you but does no damage.
You hit Ijyb but do no damage.
Ijyb is lightly wounded.
Ijyb hits you with a +0 dagger.
You hit Ijyb but do no damage.
Ijyb is lightly wounded.
You hit Ijyb but do no damage. Your headbutt misses Ijyb.
Ijyb is lightly wounded.
Ijyb barely misses you.
You closely miss Ijyb. Your headbutt misses Ijyb.
Ijyb is lightly wounded.
Ijyb barely misses you.
You hit Ijyb but do no damage. You bite Ijyb.
Ijyb is moderately wounded.
Ijyb zaps a wand.
The bolt of dispelling energy misses you.
You hit Ijyb. Your headbutt misses Ijyb.
Ijyb is heavily wounded.
Ijyb zaps a wand.
The bolt of dispelling energy hits you!
You hit Ijyb but do no damage. Your headbutt misses Ijyb.
Ijyb is heavily wounded.
Ijyb zaps a wand.
The bolt of dispelling energy hits you!
* * * LOW HITPOINT WARNING * * *
You barely miss Ijyb. You bite Ijyb, but do no damage.
Ijyb is heavily wounded.
Ijyb hits you with a +0 dagger.
* * * LOW HITPOINT WARNING * * *
You feel better. Ijyb hits you with a +0 dagger.
* * * LOW HITPOINT WARNING * * *
You hit Ijyb.
Ijyb is severely wounded.
Ijyb hits you with a +0 dagger.
* * * LOW HITPOINT WARNING * * *
You hit Ijyb but do no damage. You headbutt Ijyb.
You punch Ijyb, but do no damage.
Ijyb is almost dead.
Ijyb zaps a wand.
The bolt of dispelling energy hits you!
You die...

#####.####################.#
##.........................#
##+#..........)..........#.#
......................#.##.#
........................<#.#
....#################.##.#.#
............. ......#.#
.....###############...#.#.#
.....# #......@g.(..(#.#.#
.....# #.#########...#.#.#
.....# #.# #...#.#.#
...).#####.# #...#.#.#
..).<......# #...#.#.#
####################...#.#.#
..........)............#.#.#
#########....###########.#.#
#....# ..#.#.#


You could see Ijyb (poisoned).

Vanquished Creatures
  A phantom (D:3)
  Jessica (D:3)
  2 adders (D:2)
  A worm (D:4)
  A dart slug (D:2)
  3 orcs
  3 endoplasms
  4 giant cockroaches
  6 hobgoblins
  3 kobolds
  5 quokkas
  8 ball pythons
  4 bats
  A frilled lizard (D:3)
  11 goblins
  3 rats
57 creatures vanquished.

Notes
Turn   | Place    | Note
-------+----------+-------------------------------------------
     0 | D:1      | SnakkuSnakku7 the Vampire Hedge Wizard began the quest for
                  | the Orb.
     0 | D:1      | Reached XP level 1. HP: 13/13 MP: 4/4
    59 | D:1      | Reached skill level 1 in Unarmed Combat
   107 | D:1      | Reached skill level 1 in Fighting
   107 | D:1      | Reached XP level 2. HP: 17/21 MP: 6/6
   716 | D:2      | Reached skill level 1 in Throwing
   716 | D:2      | Gained mutation: You are afflicted with vampirism and can
                  | become a bat while bloodless. [Vampire growth]
   716 | D:2      | Reached XP level 3. HP: 26/26 MP: 5/7
  1340 | D:2      | Found a runed translucent door.
  1341 | D:2      | Noticed Crazy Yiuf
  1746 | D:3      | Noticed a phantom
  1858 | D:3      | Reached XP level 4. HP: 32/32 MP: 8/8
  1908 | D:3      | Noticed Jessica
  1918 | D:3      | Killed Jessica
  2411 | D:3      | Killed a phantom
  2412 | D:3      | Reached XP level 5. HP: 31/37 MP: 9/9
  2850 | D:4      | Noticed an ogre
  2850 | D:4      | Noticed Ijyb
  2883 | D:3      | Gained mutation: You are weak. (Str -2) [potion of
                  | mutation]
  2883 | D:3      | Gained mutation: You have a pair of small horns on your
                  | head. [potion of mutation]
  2883 | D:3      | Gained mutation: Armour fits poorly on your strangely
                  | shaped body. [potion of mutation]
  2883 | D:3      | Gained mutation: Your mind is acute. (Int +4, Str/Dex -1)
                  | [potion of mutation]
  2884 | D:3      | Lost mutation: You are weak. (Str -2) [potion of mutation]
  2884 | D:3      | Lost mutation: Armour fits poorly on your strangely shaped
                  | body. [potion of mutation]
  2884 | D:3      | Gained mutation: Your spells are a little harder to cast,
                  | but a little more powerful. [potion of mutation]
  2884 | D:3      | Gained mutation: You have large cloven feet. [potion of
                  | mutation]
  2892 | D:3      | Identified a scroll of acquirement
  3054 | D:4      | Killed from afar by Ijyb

Illustrated notes

Levels and vault maps discovered:
D:1:      kennysheep_arrival_forest, layout_basic
D:2:      layout_rooms, serial_co_window_serial, co_window_of_opportunity_a,
          co_window_corner_a, co_window_paths_a, co_window_corner_a,
          co_window_of_opportunity_a, co_window_corner_a, co_window_broadway_a,
          co_window_of_opportunity_b, co_window_cross_3, co_window_corner_cb,
          co_window_broadway_a, glass_columns_a, glass_columns_c,
          uniq_crazy_yiuf_cottage
D:3:      layout_basic, minmay_checkerbox, uniq_jessica
D:4:      layout_basic, uniq_ijyb

Skill      XL: |  1  2  3  4 |
---------------+-------------+-----
Unarmed Combat | 1 2 3 |  3.9
Fighting       | 1 |  1.1
Throwing       | 1 2 |  2.6
Dodging        | |  2.1
Stealth        | |  3.0
Spellcasting   | |  3.0
Conjurations   | |  0.6
Summonings     | |  1.0
Translocations | |  0.7

Action                     |  1- 3 |  4- 6 || total
---------------------------+-------+-------++-------
  Melee: Dagger            |   214 |       ||   214
         Bite              |    17 |    10 ||    27
         Punch             |     5 |     3 ||     8
         Unarmed           |     9 |    83 ||    92
         Headbutt          |       |     4 ||     4
  Throw: Dart              |       |    11 ||    11
         Boomerang         |       |     1 ||     1
   Cast: Magic Dart        |     6 |       ||     6
    Use: Scroll            |       |     9 ||     9
         Potion            |       |     3 ||     3
   Stab: Sleeping          |     2 |       ||     2
         Distracted        |     1 |       ||     1
 Armour: Robe              |    27 |       ||    27
         Ring mail         |    77 |    27 ||   104
  Dodge: Dodged            |   131 |    29 ||   160
